AoeStats
← 76896859

Black Forest

505313346Analyzed
2v2 RM · 24d ago on Sep 8, 2026· 46m 18s· 4 players
Game mode
Random Map
Map size
Medium (4 player)
Population
200
Speed
Normal
Resources
Standard
Victory
Conquest
Starting age
Dark Age
Ending age
Imperial Age
RankedLock teamsTeams togetherTeam positionsShared explorationLock speedFull tech treeHidden civsTurbo modeCheats
Victory
Defeat
🇫🇷 Maya · France
1002
+16
997
+17
🇵🇸 Mongols · Palestinian Territories
1023
-17
🇨🇳 Huns · China
995
-16
76896859
4:12 Loom
13:09 Feudal Age
17:54 Castle Age
16:12 Double-Bit Axe
16:09 Horse Collar
17:45 Bloodlines
19:21 Wheelbarrow
18:51 Heavy Plow
23:41 Scale Barding Armor
25:02 Hand Cart
25:44 Forging
30:27 Bow Saw
30:25 Town Watch
35:33 Gold Mining
35:38 Fletching
35:41 Stone Mining
37:31 Gold Shaft Mining
37:06 Bodkin Arrow
40:19 Imperial Age
38:06 Caravan
38:41 Town Watch
38:21 Elite Skirmisher
39:17 Padded Archer Armor
39:55 Ballistics
39:21 Pikeman
40:02 Squires
40:40 Leather Archer Armor
41:12 Guilds
41:08 Bracer
41:31 Chain Barding Armor
41:48 Iron Casting
41:15 Husbandry
40:37 Cavalier
44:56 Halberdier
X-ALADDIN-X THE LIONHEART
1:06 Loom
18:34 Feudal Age
19:56 Horse Collar
23:06 Castle Age
21:11 Stone Mining
22:51 Wheelbarrow
22:08 Double-Bit Axe
23:45 Wheelbarrow
23:55 Pikeman
27:31 Gold Mining
29:33 Heavy Plow
30:58 Man-at-Arms
32:35 Bow Saw
32:03 Long Swordsman
33:44 Murder Holes
34:28 Fletching
39:01 Imperial Age
38:09 Stone Shaft Mining
37:57 Hand Cart
38:40 Bodkin Arrow
40:07 Gold Shaft Mining
39:39 Onager
43:02 Elite Skirmisher
46:06 Onager
Furluk
0:33 Loom
10:55 Feudal Age
13:46 Town Watch
15:32 Wheelbarrow
18:43 Castle Age
16:54 Double-Bit Axe
16:56 Horse Collar
17:34 Scale Mail Armor
18:32 Forging
20:06 Chain Mail Armor
20:02 Gold Mining
20:52 Pikeman
26:54 Hand Cart
29:22 Stone Mining
29:34 Heavy Plow
29:47 Bow Saw
33:00 Murder Holes
36:19 Imperial Age
36:21 Stone Shaft Mining
35:43 Eagle Warrior
37:42 Holcans
38:33 Halberdier
41:22 Onager
❀ MÔssieur Grobiz ❀
1:03 Loom
15:25 Feudal Age
19:44 Castle Age
18:13 Double-Bit Axe
18:11 Horse Collar
19:13 Scale Mail Armor
19:23 Forging
20:01 Pikeman
20:42 Squires
20:58 Chain Mail Armor
26:31 Iron Casting
28:16 Wheelbarrow
27:33 Town Watch
27:43 Arson
28:49 Town Patrol
29:29 Hand Cart
29:53 Bow Saw
34:32 Imperial Age
31:59 Fletching
32:28 Heavy Plow
35:01 Chemistry
35:45 Plate Mail Armor
36:15 Blast Furnace
35:28 Houfnice
37:17 Two-Man Saw
36:00 Halberdier
38:43 Ballistics
39:27 Caravan
40:26 Bodkin Arrow
40:59 Conscription
40:23 Treadmill Crane
40:54 Masonry
Connection lost

Rejoining the realm…

Still unreachable

The connection could not be restored.

Session expired

The server has moved on; the page needs a fresh start.